 Dungeon Crawl Stone Soup version 0.17-a0-1020-ge683cc4 (webtiles) character file.

264 PhynixH2O the Skirmisher (level 5, 0/43 HPs)
             Began as a Demonspawn Berserker on May 15, 2015.
             Was a Believer of Trog.
             Succumbed to kobold's curare-tipped needle
             ... on level 5 of the Dungeon.
             The game lasted 00:15:18 (2804 turns).

PhynixH2O the Skirmisher (Demonspawn Berserker)     Turns: 2804, Time: 00:15:18

Health: 0/43       AC: 10    Str: 19    XL:     5   Next: 98%
Magic:  5/5        EV: 10    Int:  8    God:    Trog [**....]
Gold:   108        SH:  0    Dex: 12    Spells: 0 memorised, 4 levels left

rFire  + + .     SeeInvis .     a - +1 hand axe
rCold  + . .     Clarity  .     t - +0 scale mail
rNeg   . . .     SustAb   .     (no shield)
rPois  .         Gourm    .     j - +0 helmet
rElec  .         Spirit   .     z - +2 cloak {MR+}
rCorr  .         Warding  .     (no gloves)
rMut   .         Stasis   .     (no boots)
MR     +....                    (no amulet)
Stlth  ..........               w - ring of protection from fire
                                p - ring of protection from cold

@: lethally poisoned (0 -> -5), somewhat resistant to hostile enchantments,
extremely unstealthy
A: hooves 1, fire resistance 1, spiny 1
a: Burn Spellbooks, Berserk, Trog's Hand, Renounce Religion


You were on level 5 of the Dungeon.
You worshipped Trog.
Trog was pleased with you.
You were not hungry.

You visited 1 branch of the dungeon, and saw 5 of its levels.

You collected 108 gold pieces.

Inventory:

Hand weapons
 a - a +1 hand axe (weapon)
Missiles
 v - 5 tomahawks (quivered)
Armour
 h - a +1 pair of boots
 j - a +0 helmet (worn)
 t - a +0 scale mail (worn)
 z - a +2 cloak of magic resistance (worn)
Jewellery
 p - a ring of protection from cold (left hand)
 w - a ring of protection from fire (right hand)
Scrolls
 l - 2 scrolls of identify
 s - a scroll of remove curse
Potions
 e - a potion of heal wounds {unknown}
 g - 2 potions of flight {unknown}
 i - a potion of degeneration {unknown}
 k - 2 potions of curing {unknown}
 m - 2 potions of ambrosia {unknown}
 n - a potion of haste
 o - a potion of lignification {unknown}
 q - a potion of agility
Comestibles
 c - 4 bread rations
 d - a meat ration
 r - a chunk of flesh
 u - a beef jerky


   Skills:
 + Level 4.9 Fighting
 * Level 4.7 Axes
 - Level 1.7 Armour
 - Level 1.7 Dodging
 - Level 1.0 Stealth


You had 4 spell levels left.
You didn't know any spells.

Dungeon Overview and Level Annotations

Branches:
Dungeon (5/15)
 Temple: D:4-7

Altars:


Innate Abilities, Weirdness & Mutations

You have large cloven feet.
Your flesh is heat resistant.
You are partially covered in sharp spines.


Message History

As you read the scroll labeled PUATOI VOJIOSA, it crumbles to dust.
It is a scroll of enchant weapon.
Enchant which weapon? (? for menu, Esc to quit)
Your +0 hand axe glows red for a moment.
* * * LOW HITPOINT WARNING * * *
You feel sick.
Unknown command.
* * * LOW HITPOINT WARNING * * *
You feel sick.
Drink which item? (? for menu, Esc to quit)
It was a potion of cancellation.
Your magical effects are unravelling.
You feel magically purged.
You feel yourself speed up.
* * * LOW HITPOINT WARNING * * *
You feel sick.
A giant gecko comes into view.
* * * LOW HITPOINT WARNING * * *
You feel sick. The giant gecko barely misses you.
You die...

## .#
###.#
#@#l#
#...#
#####


There were no monsters in sight!

Vanquished Creatures
  An iguana (D:4)
  Crazy Yiuf (D:2)
  Ijyb (D:2)
  2 orc priests (D:3)
  Natasha (D:3)
  An adder (D:2)
  An ooze (D:3)
  3 worms (D:3)
  A giant gecko (D:3)
  6 orcs (D:3)
  3 giant cockroaches (D:3)
  6 hobgoblins
  8 jackals
  10 kobolds
  3 quokkas (D:3)
  6 bats
  2 giant newts (D:1)
  6 goblins
  6 rats (D:1)
68 creatures vanquished.

Notes
Turn   | Place    | Note
--------------------------------------------------------------
     0 | D:1      | PhynixH2O the Demonspawn Berserker began the quest for the Orb.
     0 | D:1      | Reached XP level 1. HP: 18/18 MP: 1/1
   125 | D:1      | Gained mutation: Your flesh is heat resistant. [demonic ancestry]
   125 | D:1      | Reached XP level 2. HP: 9/24 MP: 2/2
   346 | D:1      | You fall through a shaft!
   923 | D:1      | Acquired Trog's second power
  1334 | D:2      | Noticed Ijyb
  1350 | D:2      | Killed Ijyb
  1350 | D:2      | Reached skill level 4 in Fighting
  1350 | D:2      | Gained mutation: You have large cloven feet. [demonic ancestry]
  1350 | D:2      | Reached XP level 3. HP: 30/30 MP: 3/3
  1520 | D:2      | Reached XP level 4. HP: 37/37 MP: 4/4
  1707 | D:2      | Noticed Crazy Yiuf
  1716 | D:2      | Paralysed by Crazy Yiuf for 2 turns
  1719 | D:2      | Killed Crazy Yiuf
  2198 | D:3      | Noticed Natasha
  2211 | D:3      | Killed Natasha
  2211 | D:3      | Reached skill level 1 in Stealth
  2276 | D:3      | Gained mutation: You are partially covered in sharp spines. [demonic ancestry]
  2276 | D:3      | Reached XP level 5. HP: 39/43 MP: 5/5
  2650 | D:4      | Noticed a phantom
  2788 | D:4      | Noticed a hippogriff
  2796 | D:5      | Entered Level 5 of the Dungeon
  2802 | D:5      | HP: 2/43 [poisoned by kobold (curare-tipped needle)]
  2804 | D:5      | Succumbed to kobold's curare-tipped needle

Vault maps used:
D:1:      dpeg_arrival_brainrot, minmay_bisected
D:2:      uniq_iyjb, uniq_crazy_yiuf_cottage
D:3:      uniq_natasha
D:4:      temple_hall, first_bread
D:5:      lemuel_insect_pit, uniq_grinder, uniq_eustachio, uniq_blork_the_orc

Action                   |  1- 3 |  4- 6 || total
-------------------------+-------+-------++-------
Melee: Hand axe          |    96 |    93 ||   189
Invok: Berserk           |     3 |     3 ||     6
       Trog's Hand       |       |     2 ||     2
  Use: Scroll            |       |    11 ||    11
       Potion            |       |     1 ||     1
 Stab: Invisible         |       |     1 ||     1
  Eat: Chunk             |     4 |     9 ||    13
